 Dungeon Crawl Stone Soup version 0.18-a0-1577-gf591c28 (webtiles) character file.

7955 namelastname112 the Carver (level 11, 0/95 HPs)
             Began as a Grey Draconian Gladiator on Mar 19, 2016.
             Was an Initiate of Gozag.
             Killed by vampiric draining
             ... invoked by Josephine
              (2 damage)
             ... on level 10 of the Dungeon.
             The game lasted 00:18:24 (11693 turns).

namelastname112 the Carver (DrGl)                  Turns: 11693, Time: 00:18:24

Health: 0/95       AC: 18    Str: 17    XL:     11   Next: 3%
Magic:  20/20      EV: 16    Int:  9    God:    Gozag
Gold:   1539       SH:  5    Dex: 15    Spells: 0 memorised, 10 levels left

rFire  . . .     SeeInvis .     B - +0 long sword (vamp)
rCold  . . .     Gourm    .     (armour unavailable)
rNeg   . . .     Faith    .     E - +0 buckler
rPois  .         Spirit   .     b - +0 hat
rElec  .         Dismiss  .     C - +1 cloak
rCorr  .         Reflect  .     y - +0 pair of gloves
SustAt .         Harm     .     q - +2 pair of boots
MR     .....                    (no amulet)
Stlth  +.........               u - ring of magical power
                                r - ring of wizardry

@: lethally poisoned (0 -> -7), not resistant to hostile enchantments, very
unstealthy
A: walk through water, unfitting armour, unbreathing, cold-blooded, AC +12
a: Potion Petition, Call Merchant, Bribe Branch, Renounce Religion


You were on level 10 of the Dungeon.
You worshipped Gozag.
Gozag was noncommittal.
You were not hungry.

You visited 2 branches of the dungeon, and saw 11 of its levels.

You collected 1594 gold pieces.
You paid 55 gold pieces to Gozag.

Inventory:

Hand Weapons
 B - a +0 vampiric long sword (weapon)
Missiles
 l - 3 silver javelins (quivered)
Armour
 b - a +0 hat (worn)
 q - a +2 pair of boots (worn)
 y - a +0 pair of gloves (worn)
 C - a +1 cloak (worn)
 E - a +0 buckler (worn)
Jewellery
 r - a ring of wizardry (left hand)
 u - a ring of magical power (right hand)
Wands
 i - a wand of flame (32/48)
 o - a wand of polymorph (4/24)
 w - a wand of acid (5/15)
Scrolls
 a - a scroll of noise {unknown}
 e - 5 scrolls of remove curse
 f - 2 scrolls of enchant weapon
 g - 3 scrolls of fear
 p - a scroll of teleportation
 s - a scroll of random uselessness {unknown}
 x - a scroll of recharging
 D - 3 scrolls of identify
 G - a scroll of enchant armour
 H - a scroll of fog {unknown}
Potions
 h - a potion of flight
 j - a potion of haste
 k - a potion of mutation {unknown}
 m - a potion of lignification
 n - 3 potions of agility {unknown}
 t - 2 potions of heal wounds
 v - 3 potions of curing
 z - a potion of might
 A - 2 potions of invisibility
Books
 F - a Fen Folio

   Spells                             Type                      Level
   a - Corpse Rot                     Necromancy                   2
   b - Stone Arrow                    Conjuration/Earth            3
   c - Leda's Liquefaction            Hexes/Earth                  4
   d - Summon Forest                  Summoning/Translocation      5
   e - Hydra Form                     Transmutation                6
   f - Summon Hydra                   Summoning                    7
Comestibles
 d - a bread ration


   Skills:
 + Level 8.3 Fighting
 * Level 11.0 Long Blades
 + Level 7.0 Throwing
 + Level 7.3 Dodging
 + Level 3.6 Shields


You had 10 spell levels left.
You didn't know any spells.

Dungeon Overview and Level Annotations

Branches:
Dungeon (10/15)            Temple (1/1) D:4            Lair (0/8) D:9
    Orc: D:9-12

Altars:
Ashenzari
Cheibriados
Dithmenos
Elyvilon
Fedhas
Gozag
Kikubaaqudgha
Makhleb
Nemelex Xobeh
Okawaru
Pakellas
Qazlal
Ru
Sif Muna
Trog
Vehumet
Xom
Yredelemnul
Zin
The Shining One

Annotations:
D:7 1 runed door
D:10 Josephine, Maurice


Innate Abilities, Weirdness & Mutations

You can walk through water.
Your dull iron-grey scales are very hard (AC +12).
Your body does not fit into most forms of armour.
You can survive without breathing.
You are cold-blooded and may be slowed by cold attacks.


Message History

You feel sick.
You slash Josephine!
You tail-slap Josephine, but do no damage.
Josephine is almost dead.
You feel sick.
Josephine is infused with unholy energy.
* * * LOW HITPOINT WARNING * * *
Josephine draws life force from you and is healed!
Josephine struggles against the net.
You hit Josephine but do no damage. You tail-slap Josephine.
Josephine is severely wounded.
* * * LOW HITPOINT WARNING * * *
You feel sick.
You hit Josephine.
Josephine is severely wounded.
* * * LOW HITPOINT WARNING * * *
You feel sick.
Josephine is infused with unholy energy.
You die...
Your body crumbles into a pile of gold.

.....##.# #.#
........# #.##
##.###### #..# #.#
##.# #.# #.# ##'##
#.# #...## ###
###.# .....##
#.....#.# ......#
#.#.#.#@#
.......###.....#@#
.......'.......#W#
.......###...W..W#
......## #...#.###
.....## #. #W
#...## #W #'## ..
.# ##


You could see Josephine (caught) and 2 wraiths.

Vanquished Creatures
  A hill giant (D:10)
  An unseen horror (D:10)
  An ugly thing (D:9)
  The ghost of George the Cleaver, a novice MiGl (D:6)
  A two-headed ogre (D:9)
  A shadow (D:10)
  A wraith (D:10)
  A wyvern (D:8)
  2 hungry ghosts
  A yak (D:9)
  A soldier ant (D:7)
  2 hell hounds (D:9)
  5 orc warriors
  2 phantoms
  4 sky beasts
  A black bear (D:7)
  A necrophage (D:7)
  7 ogres
  4 centaurs
  Blork the orc (D:4)
  7 giant frogs
  3 scorpions
  12 killer bees
  5 wights
  4 howler monkeys
  3 crimson imps
  A jelly (D:7)
  7 orc priests
  4 hounds
  3 orc wizards
  Crazy Yiuf (D:6)
  3 iguanas
  7 worker ants
  A hound zombie (D:8)
  The ghost of Amnesiac the Magician, a weakling DEWz (D:3)
  2 hound skeletons
  A howler monkey zombie (D:5)
  2 worker ant zombies (D:9)
  11 gnolls
  9 adders
  2 oozes
  An adder skeleton (D:4)
  An adder zombie (D:7)
  5 worms
  3 dart slugs
  29 orcs
  3 ball pythons
  9 giant cockroaches
  9 goblins
  9 hobgoblins
  6 jackals
  3 quokkas
  8 bats
  A giant gecko skeleton (D:6)
  5 giant newts
  A jackal zombie (D:5)
  8 kobolds
  A quokka skeleton (D:9)
  5 rats
  A fungus (D:6)
236 creatures vanquished.

Notes
Turn   | Place    | Note
--------------------------------------------------------------
     0 | D:1      | namelastname112 the Draconian Gladiator began the quest for the Orb.
     0 | D:1      | Reached XP level 1. HP: 17/17 MP: 1/1
    48 | D:1      | Reached XP level 2. HP: 9/24 MP: 2/2
   787 | D:2      | Reached XP level 3. HP: 30/30 MP: 3/3
  1133 | D:2      | Reached skill level 4 in Long Blades
  1516 | D:3      | Reached XP level 4. HP: 32/37 MP: 4/4
  1848 | D:3      | Noticed Amnesiac's ghost (weakling DEWz)
  1855 | D:3      | Killed Amnesiac's ghost
  1855 | D:3      | Reached XP level 5. HP: 17/45 MP: 5/5
  2750 | D:4      | Reached skill level 5 in Long Blades
  2750 | D:4      | Reached XP level 6. HP: 40/51 MP: 6/6
  3039 | D:4      | Found a staircase to the Ecumenical Temple.
  3094 | Temple   | Entered the Ecumenical Temple
  3142 | Temple   | Became a worshipper of Gozag Ym Sagoz the Greedy
  3481 | D:4      | Noticed Blork the orc
  3490 | D:4      | Killed Blork the orc
  3498 | D:4      | Found a deep blue altar of Sif Muna.
  3677 | D:5      | Entered Level 5 of the Dungeon
  3723 | D:5      | Your scales start taking on a dull iron-grey colour.
  3723 | D:5      | Reached XP level 7. HP: 55/58 MP: 7/7
  3723 | D:5      | Gained mutation: You can survive without breathing. [Grey Draconian growth]
  3758 | D:5      | Found a white marble altar of Elyvilon.
  4396 | D:6      | Found a snail-covered altar of Cheibriados.
  4477 | D:6      | Found a basalt altar of Yredelemnul.
  4492 | D:6      | Reached skill level 6 in Long Blades
  5012 | D:6      | Noticed Crazy Yiuf
  5014 | D:6      | Killed Crazy Yiuf
  5097 | D:6      | Found a shattered altar of Ashenzari.
  5101 | D:6      | Saw a vision of the Shoals and the Snake Pit.
  5101 | D:6      | Noticed a merfolk
  5101 | D:6      | Noticed a sea snake
  5101 | D:6      | Noticed a siren
  5101 | D:6      | Noticed a merfolk
  5101 | D:6      | Noticed an anaconda
  5101 | D:6      | Noticed a merfolk
  5101 | D:6      | Noticed a naga warrior
  5103 | D:6      | Noticed a merfolk
  5104 | D:6      | Noticed a mana viper
  5104 | D:6      | Noticed an anaconda
  5480 | D:6      | Reached XP level 8. HP: 67/67 MP: 8/8
  5497 | D:6      | Noticed George's ghost (novice MiGl)
  5679 | D:6      | Reached skill level 5 in Fighting
  5808 | D:6      | Killed George's ghost
  5808 | D:6      | Reached skill level 7 in Long Blades
  5808 | D:6      | Reached skill level 5 in Dodging
  6284 | D:7      | Reached skill level 8 in Long Blades
  6370 | D:7      | Reached skill level 5 in Throwing
  6374 | D:7      | Reached XP level 9. HP: 65/75 MP: 9/9
  6875 | D:7      | Reached skill level 9 in Long Blades
  6994 | D:7      | Found a runed door.
  7015 | D:7      | Found a runed door.
  8000 | D:8      | Reached XP level 10. HP: 83/86 MP: 10/10
  8541 | D:9      | Reached skill level 10 in Long Blades
  8541 | D:9      | Reached skill level 1 in Shields
  8787 | D:9      | Found a staircase to the Lair.
  8846 | D:9      | HP: 4/86 [poisoned by an orc wizard]
  8854 | D:9      | HP: 4/86 [poisoned by an orc wizard]
  9208 | D:9      | Noticed a purple ugly thing
  9247 | D:9      | Killed a purple ugly thing
  9315 | D:9      | Found a shadowy altar of Dithmenos.
 10321 | D:10     | Entered Level 10 of the Dungeon
 10348 | D:10     | Noticed a hill giant
 10363 | D:10     | Killed a hill giant
 10534 | D:10     | Killed an unseen horror
 10569 | D:10     | Noticed a hill giant
 10609 | D:10     | Reached skill level 11 in Long Blades
 11018 | D:10     | Noticed Maurice
 11378 | D:10     | Reached XP level 11. HP: 58/95 MP: 11/11
 11655 | D:10     | Noticed Josephine
 11691 | D:10     | HP: 3/95 [Josephine/vampiric draining (19)]
 11693 | D:10     | Killed from afar by Josephine

Vault maps used:
D:1:      dpeg_arrival_long_road
D:3:      first_bread, minmay_splitting_lines, mrwooster_statue_mirror
D:4:      tgw_sif, temple_doors_c
D:5:      basic_altar
D:6:      yredelemnul_altar_generic, basic_altar, kennysheep_cross_bottleneck,
          grunt_ashenzari_visionary, uniq_crazy_yiuf_cottage
D:7:      lemuel_insect_pit
D:9:      minmay_lair_entry_lava, grunt_dithmenos_smoke
D:10:     minmay_klotski, grunt_ogre_cave, uniq_maurice, uniq_josephine
Temple:   kilobyte_greek_temple_18

Skill      XL: |  1  2  3  4  5  6  7  8  9 10 |
---------------+-------------------------------+-----
Throwing       | 2 3 4 5 6 7 |  7.0
Dodging        | 3 4 5 6 7 |  7.3
Long Blades    | 4 5 6 8 9 11 | 11.0
Fighting       | 3 4 5 7 8 |  8.3
Shields        | 3 |  3.6

Action                   |  1- 3 |  4- 6 |  7- 9 | 10-12 || total
-------------------------+-------+-------+-------+-------++-------
Melee: Long sword        |   134 |   181 |   493 |   490 ||  1298
Throw: Javelin           |       |    10 |     4 |     8 ||    22
       Throwing net      |       |       |     3 |     6 ||     9
Evoke: Wand              |       |     1 |     2 |     2 ||     5
  Use: Potion            |       |     3 |     1 |     2 ||     6
       Scroll            |       |       |    16 |       ||    16
 Stab: Sleeping          |     1 |     2 |     1 |       ||     4
       Held in net/web   |       |       |     3 |     4 ||     7
       Distracted        |       |       |     4 |     2 ||     6
  Eat: Chunk             |     2 |     5 |       |       ||     7
       Meat ration       |       |     1 |       |       ||     1
       Bread ration      |       |       |     4 |     3 ||     7
       Pizza             |       |       |     1 |       ||     1
       Beef jerky        |       |       |     1 |       ||     1
